[Event "ICC tourney 2163 (75 10)"]
[Site "Internet Chess Club"]
[Date "2020.11.27"]
[Round "3"]
[White "Openyagami"]
[Black "NyzhnykIllia"]
[Result "0-1"]
[ICCResult "White resigns"]
[WhiteElo "2593"]
[BlackElo "2729"]
[Opening "QGD Slav: exchange variation"]
[ECO "D12"]
[NIC "EO.64"]
[Time "18:31:31"]
[PlyCount "72"]
[TimeControl "4500+10"]


1. c4 c6 2. Nf3 d5 3. e3 Nf6 4. d4 Bf5 5. cxd5 cxd5 6. Nc3 Nc6 7. Ne5 Bd7
8. Bd3 g6 9. O-O Bg7 10. Qb3 Rb8 11. Nxd7 Qxd7 12. Bd2 O-O 13. Rfc1 e6 14.
h3 Rfc8 15. Na4 Ne8 16. Nc5 Qe7 17. Qd1 e5 18. dxe5 Nxe5 19. Bb4 a5 20. Ba3
b5 21. Na6 b4 22. Nxb8 Rxb8 23. Bf1 Nf6 24. Qa4 Ne4 25. Qxa5 Qg5 26. Be2
bxa3 27. Qxa3 Qh4 28. Rf1 Rxb2 29. Rac1 h5 30. Qa6 Kh7 31. Rc7 Kh6 32. a4
Nd2 33. Rd1 Ndf3+ 34. gxf3 Nxf3+ 35. Kg2 Ng5 36. Rxf7 Qxh3+ { White resigns
} 0-1

[Event "ICC tourney 2163 (75 10)"]
[Site "Internet Chess Club"]
[Date "2020.11.27"]
[Round "3"]
[White "NightMovesTN"]
[Black "GGuseinov"]
[Result "0-1"]
[ICCResult "White resigns"]
[WhiteElo "2394"]
[BlackElo "2715"]
[Opening "Modern defense"]
[ECO "A40"]
[NIC "QO.17"]
[Time "18:32:01"]
[PlyCount "68"]
[TimeControl "4500+10"]


1. d4 g6 2. Nf3 Bg7 3. Bf4 d6 4. e3 Nd7 5. Nbd2 e5 6. dxe5 dxe5 7. Bg5 f6
8. Bh4 Nh6 9. Bc4 Qe7 10. e4 Nf7 11. c3 Nd6 12. Bb3 Nc5 13. Bc2 g5 14. Bg3
h5 15. b4 Ne6 16. h4 g4 17. Nh2 Bh6 18. Nhf1 Nf4 19. Ne3 Be6 20. O-O O-O-O
21. Qe1 Kb8 22. c4 Qf7 23. Bb3 f5 24. c5 Nxe4 25. Nxe4 fxe4 26. c6 b6 27.
Bc2 Rd4 28. a4 a6 29. Kh2 Rhd8 30. Rb1 Bc4 31. Nxc4 Qxc4 32. Bb3 Qxc6 33.
b5 axb5 34. a5 e3 { White resigns } 0-1

[Event "ICC tourney 2163 (75 10)"]
[Site "Internet Chess Club"]
[Date "2020.11.27"]
[Round "3"]
[White "RajeshCS"]
[Black "MiamiBoy"]
[Result "1/2-1/2"]
[ICCResult "Game drawn by mutual agreement"]
[WhiteElo "2310"]
[BlackElo "2251"]
[Opening "English: Neo-Catalan declined"]
[ECO "E06"]
[NIC "CA.05"]
[Time "18:31:17"]
[PlyCount "124"]
[TimeControl "4500+10"]


1. c4 Nf6 2. g3 e6 3. Bg2 d5 4. Nf3 Be7 5. O-O O-O 6. d4 dxc4 7. Ne5 c5 8.
dxc5 Nbd7 9. Nxc4 Bxc5 10. Nc3 Nb6 11. Nxb6 Bxb6 12. Bf4 Re8 13. Qb3 e5 14.
Rad1 Qc7 15. Nb5 Qe7 16. Bg5 Be6 17. Qa4 Rad8 18. Bxf6 Qxf6 19. Nd6 Rf8 20.
e3 Bxa2 21. Nxb7 Rxd1 22. Rxd1 Be6 23. Na5 Rd8 24. Nc6 Bd7 25. b4 Bxc6 26.
Rxd8+ Qxd8 27. Qxc6 g6 28. Bd5 Kg7 29. b5 Qc7 30. Qe8 Qc1+ 31. Kg2 Qc7 32.
h3 h5 33. g4 hxg4 34. hxg4 Ba5 35. g5 Bb4 36. Kg3 Qe7 37. Qxe7 Bxe7 38. Kg4
f6 39. gxf6+ Kxf6 40. Bb7 Bc5 41. Kf3 Bb4 42. Ke4 Be1 43. f3 Bc3 44. Bc8
Bd2 45. Bg4 Bb4 46. Kd5 Bd2 47. Ke4 Bb4 48. Kd5 Bd2 49. Ke4 Bb4 50. Bd7 Ba5
51. Bc6 Bb4 52. Bd5 Ba5 53. Bb3 Bb4 54. Bc2 Ba5 55. Kd3 Bb6 56. Ke4 Ba5 57.
Kd3 Bb6 58. Ke4 Ba5 59. Bd1 Bb6 60. Be2 Ba5 61. Bf1 Bb6 62. Bh3 Ba5 { Game
drawn by mutual agreement } 1/2-1/2

[Event "ICC tourney 2163 (75 10)"]
[Site "Internet Chess Club"]
[Date "2020.11.27"]
[Round "3"]
[White "BlueJay01"]
[Black "phoenix10q72"]
[Result "1-0"]
[ICCResult "Black checkmated"]
[WhiteElo "2094"]
[BlackElo "2264"]
[Opening "English: symmetrical variation"]
[ECO "A37"]
[NIC "EO.28"]
[Time "18:32:00"]
[PlyCount "101"]
[TimeControl "4500+10"]


1. c4 c5 2. g3 Nc6 3. Bg2 g6 4. Nf3 Bg7 5. Nc3 d6 6. O-O e5 7. d3 Nge7 8.
Rb1 Be6 9. Ng5 Bc8 10. a3 h6 11. Nf3 a5 12. Ne1 Be6 13. Nc2 d5 14. cxd5
Nxd5 15. Ne3 Nde7 16. Bd2 O-O 17. Ne4 b6 18. Nc3 Rc8 19. Nc4 f5 20. Nb5 f4
21. b4 axb4 22. axb4 Nd4 23. bxc5 bxc5 24. Ba5 Qe8 25. Nbd6 Qd7 26. Rb7 Rb8
27. Rxd7 Bxd7 28. Bc3 Nec6 29. e3 f3 30. exd4 fxg2 31. Kxg2 exd4 32. Bd2 h5
33. Ne4 Nb4 34. Bxb4 cxb4 35. Qb3 Be6 36. f3 Rb5 37. Qa4 Rfb8 38. Rb1 b3
39. Qa6 Bxc4 40. dxc4 R5b6 41. Qa5 b2 42. Qd5+ Kh7 43. c5 Rb5 44. Qd6 Ra8
45. c6 Ra1 46. Nd2 Re5 47. Rxb2 Re2+ 48. Kh3 Rh1 49. g4 Be5 50. Qe7+ Kh6
51. g5# { Black checkmated } 1-0

[Event "ICC tourney 2163 (75 10)"]
[Site "Internet Chess Club"]
[Date "2020.11.27"]
[Round "3"]
[White "Kalmyk"]
[Black "Terry1234"]
[Result "1-0"]
[ICCResult "Black resigns"]
[WhiteElo "2763"]
[BlackElo "2285"]
[Opening "Sicilian"]
[ECO "B56"]
[NIC "SI.25"]
[Time "18:31:22"]
[PlyCount "73"]
[TimeControl "4500+10"]


1. e4 c5 2. Nf3 d6 3. d4 cxd4 4. Nxd4 Nf6 5. Nc3 Nc6 6. f3 e5 7. Nb3 Be7 8.
Be3 Be6 9. Nd5 O-O 10. Qd2 Bxd5 11. exd5 Nb8 12. Be2 Nbd7 13. O-O Nh5 14.
Rfd1 f5 15. Qb4 b6 16. Bb5 Nc5 17. Bc6 Rb8 18. Qc4 Bg5 19. Bf2 Nf4 20. Nc1
Nd7 21. Ne2 Nxe2+ 22. Qxe2 Nf6 23. g3 h5 24. b4 f4 25. a4 e4 26. Ra3 exf3
27. Rxf3 Ng4 28. Bd4 fxg3 29. Rxf8+ Qxf8 30. hxg3 Bf6 31. Bd7 Bxd4+ 32.
Rxd4 Nf6 33. Rf4 Rd8 34. Bf5 Re8 35. Be6+ Kh8 36. Qf3 Qe7 37. Rf5 { Black
resigns } 1-0

[Event "ICC tourney 2163 (75 10)"]
[Site "Internet Chess Club"]
[Date "2020.11.27"]
[Round "3"]
[White "shianen"]
[Black "Chessking2008"]
[Result "1-0"]
[ICCResult "Black resigns"]
[WhiteElo "2197"]
[BlackElo "2191"]
[Opening "Benoni defense"]
[ECO "A61"]
[NIC "BI.38"]
[Time "18:31:17"]
[PlyCount "91"]
[TimeControl "4500+10"]


1. d4 Nf6 2. c4 c5 3. d5 e6 4. Nc3 exd5 5. cxd5 d6 6. Nf3 g6 7. Bf4 Bg7 8.
Qa4+ Bd7 9. Qb3 Qc7 10. e4 O-O 11. Nd2 Re8 12. Be2 a6 13. a4 Bg4 14. f3 Bc8
15. Nc4 Bf8 16. Nb6 Ra7 17. a5 Nh5 18. Be3 f5 19. O-O f4 20. Bf2 Nd7 21.
Nca4 Ne5 22. Rac1 g5 23. Nxc8 Rxc8 24. Nb6 Rd8 25. Rc2 Qg7 26. Qc3 Be7 27.
b4 Bf6 28. Qb3 Be7 29. bxc5 g4 30. fxg4 Nf6 31. c6 bxc6 32. dxc6+ Kh8 33.
c7 Rxc7 34. Rxc7 Nfxg4 35. Bxg4 Qxg4 36. Bd4 Rg8 37. Bxe5+ dxe5 38. Qf3 Qe6
39. Rfc1 Bd8 40. R7c6 Qa2 41. Nc4 Be7 42. Nxe5 Bb4 43. Rc7 Rf8 44. Qh5 Qg8
45. Nf7+ Rxf7 46. Rxf7 { Black resigns } 1-0

[Event "ICC tourney 2163 (75 10)"]
[Site "Internet Chess Club"]
[Date "2020.11.27"]
[Round "3"]
[White "espark"]
[Black "Gfprasanna"]
[Result "1/2-1/2"]
[ICCResult "Game drawn by mutual agreement"]
[WhiteElo "2327"]
[BlackElo "2135"]
[Opening "Ruy Lopez: closed, Bogolyubov variation"]
[ECO "C91"]
[NIC "RL.20"]
[Time "18:31:25"]
[PlyCount "94"]
[TimeControl "4500+10"]


1. e4 e5 2. Nf3 Nc6 3. Bb5 a6 4. Ba4 Nf6 5. O-O Be7 6. Re1 b5 7. Bb3 d6 8.
c3 O-O 9. d4 Bg4 10. Be3 exd4 11. cxd4 d5 12. e5 Ne4 13. Nc3 Nxc3 14. bxc3
Bf5 15. Qc1 Na5 16. Bg5 Bxg5 17. Nxg5 h6 18. Nf3 Nc4 19. Qf4 Qd7 20. h3
Rfe8 21. Kh2 Rad8 22. g4 Be4 23. Nd2 Nxd2 24. Qxd2 c5 25. f4 c4 26. Bc2
Bxc2 27. Qxc2 Qe7 28. f5 b4 29. cxb4 Qxb4 30. Rab1 Qa5 31. h4 Rb8 32. g5 h5
33. f6 Rxb1 34. Rxb1 g6 35. Kg2 Qc7 36. Qc3 Qd7 37. Qf3 Rc8 38. Rc1 Qe6 39.
Rc2 Rb8 40. Qh3 Qxh3+ 41. Kxh3 Kf8 42. Kg3 Ke8 43. Kf4 Kd7 44. Rc3 a5 45.
Ra3 Rb5 46. Ke3 Ke6 47. Kf4 Kd7 { Game drawn by mutual agreement } 1/2-1/2

[Event "ICC tourney 2163 (75 10)"]
[Site "Internet Chess Club"]
[Date "2020.11.27"]
[Round "3"]
[White "manest"]
[Black "TjkTiger"]
[Result "1/2-1/2"]
[ICCResult "Game drawn by mutual agreement"]
[WhiteElo "2718"]
[BlackElo "2605"]
[Opening "Nimzovich-Larsen attack"]
[ECO "A01"]
[NIC "VO.08"]
[Time "18:32:12"]
[PlyCount "108"]
[TimeControl "4500+10"]


1. b3 g6 2. Bb2 Nf6 3. g3 Bg7 4. Bg2 d5 5. Nf3 c5 6. O-O Nc6 7. Ne5 Nxe5 8.
Bxe5 O-O 9. d4 Qa5 10. Qd2 Qxd2 11. Nxd2 cxd4 12. Bxd4 Be6 13. c4 Rfd8 14.
Rad1 Ne8 15. Bc5 Kf8 16. cxd5 Bxd5 17. Ne4 Nc7 18. Rd3 f5 19. Rfd1 fxe4 20.
Bxe4 b6 21. Ba3 Nb5 22. Bxd5 Nxa3 23. Bxa8 Rxa8 24. Rd8+ Rxd8 25. Rxd8+ Kf7
26. Ra8 a5 27. e3 Be5 28. Kf1 Bd6 29. Rc8 Bc5 30. Ke2 Nc2 31. g4 Nb4 32. a4
g5 33. h3 h6 34. Kd2 e5 35. f3 Nd5 36. e4 Nf4 37. Rc7+ Kf6 38. Rc6+ Ne6 39.
Kd3 Ke7 40. Rc8 Nd4 41. Rh8 Nxb3 42. Rh7+ Kf6 43. Rxh6+ Kg7 44. Re6 Bd4 45.
Kc2 Nc5 46. Rxb6 Nxa4 47. Rb5 Nc3 48. Rxa5 Ne2 49. Kd3 Ng1 50. Kc4 Nxf3 51.
Kd5 Ng1 52. Ke6 Nxh3 53. Kf5 Kf7 54. Rb5 Ke7 { Game drawn by mutual
agreement } 1/2-1/2

[Event "ICC tourney 2163 (75 10)"]
[Site "Internet Chess Club"]
[Date "2020.11.27"]
[Round "3"]
[White "creepycrawlies"]
[Black "josuevm"]
[Result "1/2-1/2"]
[ICCResult "Game drawn by repetition"]
[WhiteElo "2159"]
[BlackElo "2272"]
[Opening "Nimzo-Indian: classical variation"]
[ECO "E32"]
[NIC "NI.20"]
[Time "18:31:29"]
[PlyCount "94"]
[TimeControl "4500+10"]


1. d4 Nf6 2. c4 e6 3. Nc3 Bb4 4. Qc2 O-O 5. a3 Bxc3+ 6. Qxc3 b6 7. Bg5 h6
8. Bh4 Bb7 9. e3 d6 10. Ne2 Nbd7 11. Qc2 c5 12. Rd1 d5 13. cxd5 exd5 14.
Nc3 c4 15. Be2 Bc6 16. O-O b5 17. f3 Re8 18. e4 Qb6 19. Kh1 dxe4 20. d5
exf3 21. Bxf3 Bb7 22. Bf2 Qa5 23. Ne4 Nxe4 24. Bxe4 Nf6 25. Bf3 Rad8 26.
Bh4 Rd6 27. Bg3 Rd7 28. Bh4 Rd6 29. Bg3 Rd7 30. Bh4 Nh7 31. Qf5 Nf8 32. Be1
Qd8 33. Bc3 Qg5 34. Qh3 Bxd5 35. Bxd5 Rxd5 36. Qf3 Rxd1 37. Qxf7+ Kh7 38.
Rxd1 Re2 39. Qf3 Rc2 40. h3 Rc1 41. Rxc1 Qxc1+ 42. Kh2 Ng6 43. Qb7 Qf4+ 44.
Kh1 Qf1+ 45. Kh2 Qf4+ 46. Kh1 Qf1+ 47. Kh2 Qf4+ { Game drawn by repetition
} 1/2-1/2

[Event "ICC tourney 2163 (75 10)"]
[Site "Internet Chess Club"]
[Date "2020.11.27"]
[Round "3"]
[White "sathviks"]
[Black "sriramk"]
[Result "1-0"]
[ICCResult "Black resigns"]
[WhiteElo "2243"]
[BlackElo "2192"]
[Opening "Ruy Lopez: Archangelsk (counterthrust) variation"]
[ECO "C78"]
[NIC "RL.12"]
[Time "18:31:30"]
[PlyCount "87"]
[TimeControl "4500+10"]


1. e4 e5 2. Nf3 Nc6 3. Bb5 a6 4. Ba4 Nf6 5. O-O b5 6. Bb3 Bb7 7. d3 Be7 8.
Nc3 d6 9. a4 b4 10. Ne2 Na5 11. Ba2 c5 12. Ng3 g6 13. h3 h5 14. Re1 b3 15.
cxb3 Nc6 16. Bd2 a5 17. Nf1 Bc8 18. Ne3 Be6 19. Ng5 Nb4 20. Nxe6 fxe6 21.
Nc4 O-O 22. Rf1 Nh7 23. Bxb4 axb4 24. Bb1 Kg7 25. Bc2 h4 26. Qe1 Bg5 27.
Bd1 Nf6 28. a5 Ra6 29. d4 exd4 30. e5 dxe5 31. Qxe5 Qd5 32. Be2 Ra7 33. Bd3
Rfa8 34. Qe2 Re8 35. f4 Bh6 36. Ne5 g5 37. f5 exf5 38. Rxf5 Rae7 39. Qf2
Qd6 40. Rf1 Rf8 41. Ng4 Nxg4 42. hxg4 Rfe8 43. Rf7+ Kg8 44. Qf5 { Black
resigns } 1-0

[Event "ICC tourney 2163 (75 10)"]
[Site "Internet Chess Club"]
[Date "2020.11.27"]
[Round "3"]
[White "dpomerantz135"]
[Black "nithin"]
[Result "1/2-1/2"]
[ICCResult "Game drawn by mutual agreement"]
[WhiteElo "2238"]
[BlackElo "2250"]
[Opening "Sicilian: Najdorf, Byrne (English) attack"]
[ECO "B90"]
[NIC "SI.14"]
[Time "18:31:33"]
[PlyCount "133"]
[TimeControl "4500+10"]


1. e4 c5 2. Nf3 d6 3. d4 cxd4 4. Nxd4 Nf6 5. Nc3 a6 6. Be3 e5 7. Nf3 Be7 8.
Bc4 O-O 9. O-O Be6 10. Bb3 Nc6 11. Bg5 Rc8 12. Bxf6 Bxf6 13. Nd5 Bxd5 14.
Bxd5 Qc7 15. c3 Na5 16. Qd3 Nc4 17. Bxc4 Qxc4 18. Rfd1 Rfd8 19. Ne1 a5 20.
Nc2 Bg5 21. Na3 Qe6 22. c4 g6 23. b3 f5 24. f3 Qd7 25. Nb5 fxe4 26. Qxe4
Qc6 27. Qxc6 Rxc6 28. Rd5 Kf7 29. Rad1 Ke7 30. a4 Be3+ 31. Kf1 Bc5 32. Nc3
Rb6 33. R5d3 Kf7 34. Nd5 Rc6 35. Re1 Bd4 36. Ke2 Re8 37. Kd2 Bc5 38. Re4
Rcc8 39. Kc2 Kg7 40. Nc3 Red8 41. Nb5 Kf6 42. Re2 Bb4 43. Rd5 Kf7 44. Re4
Kg7 45. Re2 Kf7 46. Nc3 Bxc3 47. Kxc3 b6 48. Rb5 Rc6 49. f4 exf4 50. Rf2 d5
51. Rxf4+ Ke7 52. Rd4 dxc4 53. Rxc4 Rxc4+ 54. Kxc4 Rd6 55. Re5+ Kf6 56. Rd5
Re6 57. Kb5 Ke7 58. Rd2 Rf6 59. Ka6 Re6 60. Kb5 h5 61. Rc2 Kd7 62. Ka6 Rc6
63. Rd2+ Kc7 64. Rf2 Re6 65. Rc2+ Rc6 66. Rf2 Re6 67. Rc2+ { Game drawn by
mutual agreement } 1/2-1/2

[Event "ICC tourney 2163 (75 10)"]
[Site "Internet Chess Club"]
[Date "2020.11.27"]
[Round "3"]
[White "Gukesh"]
[Black "Blue-Elephant1"]
[Result "1-0"]
[ICCResult "Black resigns"]
[WhiteElo "2613"]
[BlackElo "2113"]
[Opening "English, Tröger defense"]
[ECO "A20"]
[NIC "EO.24"]
[Time "18:31:23"]
[PlyCount "129"]
[TimeControl "4500+10"]


1. c4 e5 2. g3 Nc6 3. Bg2 d6 4. Nc3 Be6 5. d3 g6 6. e3 Bg7 7. Nge2 Nge7 8.
Nd5 Qd7 9. Rb1 Nc8 10. Nec3 Nd8 11. Ne4 Bxd5 12. cxd5 Ne7 13. Qb3 O-O 14.
Bd2 c6 15. dxc6 Ndxc6 16. O-O b6 17. Nc3 Rad8 18. Nd5 Nxd5 19. Bxd5 Ne7 20.
Bg2 d5 21. Rfc1 Rfe8 22. Rc2 Rc8 23. Rbc1 Rxc2 24. Rxc2 Bf8 25. Bb4 Rd8 26.
h4 d4 27. e4 Rc8 28. Rxc8 Qxc8 29. Kh2 Nc6 30. Bh3 Qc7 31. Bd2 Nb8 32. h5
Na6 33. Kg2 Nc5 34. Qc4 Qb7 35. Qb5 a6 36. Qc4 b5 37. Qc2 b4 38. Kg1 Qb5
39. Bf1 a5 40. b3 a4 41. bxa4 Nxa4 42. hxg6 hxg6 43. Qc8 Qc5 44. Qa8 Nb6
45. Qe8 Qe7 46. Qb8 Qd6 47. Qb7 Kg7 48. Be2 Na4 49. Bd1 Nc3 50. Bb3 Qe7 51.
Qc6 Qd6 52. Qb7 Qe7 53. Qc8 Qc5 54. Qh3 Kg8 55. Bg5 Qc6 56. Kg2 Bc5 57. Qh4
Bf8 58. Bf6 Bg7 59. Be7 Qb6 60. Qg4 Qb7 61. Bd6 Kh7 62. Qh4+ Kg8 63. Qd8+
Kh7 64. Be7 Nxe4 65. Bd5 { Black resigns } 1-0

[Event "ICC tourney 2163 (75 10)"]
[Site "Internet Chess Club"]
[Date "2020.11.27"]
[Round "3"]
[White "pandaexpress"]
[Black "savchess06"]
[Result "1/2-1/2"]
[ICCResult "Black stalemated"]
[WhiteElo "2420"]
[BlackElo "2082"]
[Opening "French: Tarrasch, open variation"]
[ECO "C07"]
[NIC "FR.19"]
[Time "18:31:17"]
[PlyCount "257"]
[TimeControl "4500+10"]


1. e4 e6 2. d4 d5 3. Nd2 c5 4. exd5 Qxd5 5. Ngf3 cxd4 6. Bc4 Qd7 7. O-O Nc6
8. Nb3 Nf6 9. Nbxd4 Nxd4 10. Nxd4 a6 11. Re1 Qc7 12. Bf1 Bd6 13. g3 O-O 14.
Bg5 Nd7 15. Bg2 h6 16. Be3 Rd8 17. Qd2 Ne5 18. b3 Ng4 19. Rad1 Nxe3 20.
Qxe3 Bd7 21. c4 Be8 22. Qe4 Rab8 23. Rd3 Bc5 24. Red1 Qb6 25. Kf1 Rd6 26.
Nc2 Rbd8 27. Rxd6 Rxd6 28. Rxd6 Qxd6 29. Qe2 b6 30. Be4 a5 31. Qd3 Qxd3+
32. Bxd3 Bc6 33. Ke2 Kf8 34. a3 Bb7 35. b4 axb4 36. axb4 Bd6 37. Ke3 Ke7
38. Be4 Bxe4 39. Kxe4 Kd7 40. Kd3 f5 41. h3 g6 42. Kc3 Be5+ 43. Kd3 Bd6 44.
Ke3 e5 45. f3 h5 46. Kd3 Ke6 47. Ke3 Kd7 48. Kd2 Ke6 49. Kd3 Bf8 50. Ke3
Bd6 51. Ke2 Kd7 52. Kf2 Ke6 53. Ke3 Bf8 54. Kd3 Be7 55. Kc3 Bd6 56. Ne3 e4
57. fxe4 fxe4 58. Kd4 Bxb4 59. Kxe4 Bc5 60. Nd5 g5 61. Nc7+ Kd7 62. Nd5 Ke6
63. Nc3 Bd6 64. Ne2 Be5 65. g4 hxg4 66. hxg4 Bb2 67. Ng3 Kd6 68. Nf5+ Kc5
69. Ne3 Bc1 70. Nd5 Kxc4 71. Nxb6+ Kc5 72. Nc8 Kc6 73. Kf5 Be3 74. Ne7+ Kd6
75. Ng8 Bc1 76. Nh6 Ke7 77. Kg6 Kf8 78. Nf7 Bf4 79. Nd8 Kg8 80. Nc6 Bc1 81.
Nd4 Bf4 82. Ne2 Be3 83. Ng3 Bf4 84. Nf5 Bc1 85. Nh6+ Kf8 86. Kh7 Bf4 87.
Nf5 Kf7 88. Kh6 Kf6 89. Kh5 Kf7 90. Kh6 Kf6 91. Kh7 Kf7 92. Nd4 Be3 93. Nf3
Bf4 94. Kh6 Kg8 95. Kg6 Kf8 96. Nd4 Kg8 97. Nf5 Kf8 98. Nh6 Bc1 99. Nf5 Bf4
100. Kf6 Kg8 101. Ke7 Bc1 102. Ke6 Bf4 103. Nd4 Be3 104. Ne2 Bd2 105. Kf5
Kf7 106. Ke5 Kg8 107. Ke4 Kf7 108. Kd3 Ba5 109. Ng3 Bc7 110. Nh5 Kg6 111.
Ke4 Bb8 112. Kd5 Bh2 113. Ke6 Bg1 114. Nf6 Be3 115. Nd5 Bd2 116. Ne7+ Kg7
117. Kf5 Kf7 118. Nc6 Kg8 119. Kg6 Bc1 120. Nd4 Be3 121. Ne6 Bc1 122. Nxg5
Bxg5 123. Kxg5 Kg7 124. Kf5 Kf7 125. g5 Kg7 126. g6 Kg8 127. Kf6 Kf8 128.
g7+ Kg8 129. Kg6 { Black stalemated } 1/2-1/2

[Event "ICC tourney 2163 (75 10)"]
[Site "Internet Chess Club"]
[Date "2020.11.28"]
[Round "4"]
[White "Chessking2008"]
[Black "ShadowApt"]
[Result "1-0"]
[ICCResult "Black resigns"]
[WhiteElo "2191"]
[BlackElo "2110"]
[Opening "King's Indian: orthodox variation"]
[ECO "E94"]
[NIC "KI.15"]
[Time "11:03:37"]
[PlyCount "37"]
[TimeControl "4500+10"]


1. d4 Nf6 2. c4 g6 3. Nc3 Bg7 4. e4 d6 5. Nf3 O-O 6. Be2 e5 7. O-O Na6 8.
Qc2 exd4 9. Nxd4 Re8 10. Rd1 Nc5 11. f3 a5 12. Be3 Qe7 13. Bf1 c6 14. Re1
Nfd7 15. Rad1 Nb6 16. Qd2 Rd8 17. Nxc6 bxc6 18. Bxc5 Rb8 19. Bxd6 { Black
resigns } 1-0

[Event "ICC tourney 2163 (75 10)"]
[Site "Internet Chess Club"]
[Date "2020.11.28"]
[Round "4"]
[White "Sergeiaza"]
[Black "Enamul"]
[Result "1-0"]
[ICCResult "Black resigns"]
[WhiteElo "2679"]
[BlackElo "2476"]
[Opening "Sicilian: Scheveningen, classical main line"]
[ECO "B41"]
[NIC "SI.41"]
[Time "11:03:37"]
[PlyCount "47"]
[TimeControl "4500+10"]


1. e4 c5 2. Nf3 e6 3. d4 cxd4 4. Nxd4 a6 5. Be2 Nf6 6. Nc3 Qc7 7. O-O Nc6
8. Be3 Be7 9. f4 d6 10. Qe1 O-O 11. Qg3 Nxd4 12. Bxd4 b5 13. a3 Bb7 14. Kh1
Rad8 15. Rae1 Bc6 16. Bd3 Qd7 17. Nd1 g6 18. f5 Nh5 19. Qf2 Bf6 20. Bxf6
Nxf6 21. Qh4 Kg7 22. Re3 exf5 23. Rh3 Rde8 24. Rxf5 { Black resigns } 1-0

[Event "ICC tourney 2163 (75 10)"]
[Site "Internet Chess Club"]
[Date "2020.11.28"]
[Round "4"]
[White "mhebden"]
[Black "Gfprasanna"]
[Result "1-0"]
[ICCResult "Black resigns"]
[WhiteElo "2503"]
[BlackElo "2135"]
[Opening "QGD Slav: 4.e3"]
[ECO "D11"]
[NIC "QP.08"]
[Time "11:04:28"]
[PlyCount "111"]
[TimeControl "4500+10"]


1. d4 d5 2. Nf3 Nf6 3. c4 c6 4. e3 e6 5. Bd3 Bd6 6. b3 Nbd7 7. Bb2 Qe7 8.
Ne5 Bb4+ 9. Nd2 Ne4 10. Bxe4 dxe4 11. O-O Bxd2 12. Qxd2 f6 13. Nxd7 Bxd7
14. Qc2 f5 15. f3 exf3 16. Rxf3 O-O-O 17. e4 Kb8 18. Re1 Qh4 19. Qf2 Qxf2+
20. Kxf2 Rhf8 21. exf5 Rxf5 22. Rxf5 exf5 23. Re7 Be8 24. Rxg7 Bg6 25. Re7
Re8 26. Rxe8+ Bxe8 27. Ke3 Kc7 28. Kf4 Bg6 29. Ba3 Kd7 30. d5 cxd5 31. cxd5
b5 32. Bc5 a6 33. b4 Bf7 34. Ke5 Bg8 35. Be3 Bf7 36. Bh6 Bg8 37. a3 Bf7 38.
g3 Bg6 39. Bf4 Bf7 40. d6 Bc4 41. Kxf5 Bd3+ 42. Kf6 Be2 43. Kg7 h5 44. h3
Ke6 45. Kf8 Kd7 46. Kf7 Bf3 47. Kf6 Ke8 48. g4 hxg4 49. Ke6 Bc6 50. h4 Bd7+
51. Kf6 Kf8 52. h5 Be8 53. h6 Kg8 54. Ke7 Bc6 55. d7 Bxd7 56. Kxd7 { Black
resigns } 1-0

[Event "ICC tourney 2163 (75 10)"]
[Site "Internet Chess Club"]
[Date "2020.11.28"]
[Round "4"]
[White "NyzhnykIllia"]
[Black "wolverine54"]
[Result "1-0"]
[ICCResult "Black resigns"]
[WhiteElo "2729"]
[BlackElo "2286"]
[Opening "Queen's pawn: London system"]
[ECO "A45"]
[NIC "QP.07"]
[Time "11:03:41"]
[PlyCount "79"]
[TimeControl "4500+10"]


1. d4 Nf6 2. Bf4 e6 3. e3 b6 4. Nf3 Bb7 5. Nbd2 Be7 6. h3 c5 7. Bd3 Nc6 8.
c3 d6 9. Bh2 Qd7 10. Qe2 a6 11. a3 b5 12. e4 O-O 13. e5 dxe5 14. dxe5 Nd5
15. Ne4 Rfd8 16. Rd1 c4 17. Bc2 Bf8 18. Nfg5 h6 19. Nh7 Qe7 20. Nxf8 Qxf8
21. Nd6 Rd7 22. Qe4 g6 23. h4 Qg7 24. h5 g5 25. O-O Nce7 26. Qe2 Rad8 27.
f4 gxf4 28. Bxf4 Nf5 29. Bxf5 exf5 30. Rxd5 Bxd5 31. Nxf5 Qf8 32. Bxh6 Qc5+
33. Be3 Qf8 34. Bg5 Rb8 35. Bf6 Be6 36. Kh2 Rd3 37. Rf4 Kh7 38. Ne7 Rb7 39.
Qe4+ Kh6 40. Qxb7 { Black resigns } 1-0

[Event "ICC tourney 2163 (75 10)"]
[Site "Internet Chess Club"]
[Date "2020.11.28"]
[Round "4"]
[White "phoenix10q72"]
[Black "jy2020"]
[Result "1-0"]
[ICCResult "Black resigns"]
[WhiteElo "2264"]
[BlackElo "2218"]
[Opening "Sicilian: Najdorf, Adams attack"]
[ECO "B90"]
[NIC "SI.14"]
[Time "11:03:36"]
[PlyCount "101"]
[TimeControl "4500+10"]


1. e4 c5 2. Nf3 d6 3. d4 cxd4 4. Nxd4 Nf6 5. Nc3 a6 6. h3 e5 7. Nde2 h5 8.
g3 Be6 9. Bg2 b5 10. O-O Be7 11. a4 b4 12. Nd5 Bxd5 13. exd5 Nbd7 14. c3
bxc3 15. Nxc3 Rb8 16. Qe2 Qa5 17. Be3 Bd8 18. Rab1 Nc5 19. Bxc5 Qxc5 20.
Qxa6 Rb6 21. Qd3 Rb3 22. Qc2 Rb4 23. Rfc1 Ke7 24. b3 Nd7 25. Qd2 Qd4 26.
Qxd4 exd4 27. Re1+ Kf8 28. Nb5 Rh6 29. Na7 Ne5 30. f4 Bb6 31. Nc8 Nd7 32.
Nxb6 Nxb6 33. a5 Nd7 34. a6 Rb8 35. b4 Rg6 36. Kf2 Nb6 37. Rbc1 Rf6 38. Rc6
Nc8 39. h4 d3 40. Rd1 Ke8 41. Rxd3 Kd8 42. Rc4 Rh6 43. Bh3 Na7 44. Rdc3 Rh8
45. Rc7 Nb5 46. Rd7+ Ke8 47. Re3+ Kf8 48. Ree7 Kg8 49. Rxf7 Rh7 50. Be6 Kh8
51. Rb7 { Black resigns } 1-0

[Event "ICC tourney 2163 (75 10)"]
[Site "Internet Chess Club"]
[Date "2020.11.28"]
[Round "4"]
[White "PawnEatingZombi"]
[Black "espark"]
[Result "1-0"]
[ICCResult "Black resigns"]
[WhiteElo "2219"]
[BlackElo "2327"]
[Opening "Queen's Indian accelerated"]
[ECO "A50"]
[NIC "QP.07"]
[Time "11:03:42"]
[PlyCount "93"]
[TimeControl "4500+10"]


1. d4 Nf6 2. c4 b6 3. Nc3 Bb7 4. Qc2 d5 5. cxd5 Nxd5 6. Nf3 g6 7. e4 Nxc3
8. bxc3 Bg7 9. Bb5+ c6 10. Be2 O-O 11. O-O c5 12. d5 Qd6 13. Bg5 e6 14.
Rad1 Nd7 15. Bh4 a6 16. a4 h6 17. Bg3 e5 18. Nd2 f5 19. f3 f4 20. Bf2 Qc7
21. Rb1 Rf6 22. Nc4 Bf8 23. Rb3 Rb8 24. Rfb1 Bc8 25. Qb2 g5 26. d6 Qc6 27.
Nxb6 Nxb6 28. Rxb6 Rxb6 29. Qxb6 Qxb6 30. Rxb6 Rxd6 31. Rb8 Rc6 32. Bc4+
Kg7 33. Bd5 Rc7 34. a5 c4 35. Bb6 Bc5+ 36. Kf1 Bxb6 37. axb6 Rc5 38. b7
Bxb7 39. Rxb7+ Kh8 40. Rb4 Ra5 41. Bxc4 Ra1+ 42. Kf2 Rc1 43. Rb3 Rc2+ 44.
Be2 h5 45. h3 Kg7 46. Ra3 h4 47. c4 { Black resigns } 1-0

[Event "ICC tourney 2163 (75 10)"]
[Site "Internet Chess Club"]
[Date "2020.11.28"]
[Round "4"]
[White "savchess06"]
[Black "lmperatorX"]
[Result "1-0"]
[ICCResult "Black resigns"]
[WhiteElo "2082"]
[BlackElo "2113"]
[Opening "Sicilian: Najdorf, Byrne (English) attack"]
[ECO "B90"]
[NIC "SI.14"]
[Time "11:04:27"]
[PlyCount "71"]
[TimeControl "4500+10"]


1. e4 c5 2. Nf3 d6 3. d4 cxd4 4. Nxd4 Nf6 5. Nc3 a6 6. Be3 e5 7. Nb3 Be7 8.
Qd2 Ng4 9. Nd5 Nxe3 10. Qxe3 Nd7 11. g3 O-O 12. h4 b5 13. Bh3 Nf6 14. Nxf6+
Bxf6 15. Bxc8 Rxc8 16. Qd3 d5 17. O-O d4 18. a4 Qb6 19. axb5 axb5 20. Ra5
Rc4 21. Rfa1 Rfc8 22. Ra8 Qd8 23. Rxc8 Qxc8 24. Nd2 Rc5 25. b4 Rc3 26. Qxb5
h6 27. Qd5 Qc7 28. Ra5 Rxc2 29. Rc5 Rxc5 30. bxc5 Be7 31. c6 d3 32. Nc4 Bb4
33. Kf1 Kf8 34. Nxe5 d2 35. Ke2 Ke7 36. Qxf7+ { Black resigns } 1-0